 Dungeon Crawl Stone Soup version 0.26.0-8-g74fc34ddfb (webtiles) character file.

Game seed: 555870512665919786

3338 ythm the Cleaver (level 10, -1/44 (47) HPs)
             Began as a Vine Stalker Berserker on Jan 12, 2021.
             Was an Elder of Trog.
             Killed from afar by an electric eel (2 damage)
             ... with a bolt of electricity
             ... on level 8 of the Dungeon.
             The game lasted 00:16:18 (3123 turns).

ythm the Cleaver (Vine Stalker Berserker)           Turns: 3123, Time: 00:16:19

HP:   -1/44 (47)    AC:  9    Str: 24    XL:     10   Next: 2%
MP:   0/11          EV: 11    Int:  7    God:    Trog [****..]
Gold: 296           SH:  0    Dex: 13    Spells: 9/9 levels left

rFire    + . .     SeeInvis .   t - +0 war axe
rCold    + + .     Faith    .   (no shield)
rNeg     . . .     Spirit   +   u - +0 acid dragon scales
rPois    +         Reflect  .   f - +0 helmet
rElec    +         Harm     .   A - +1 cloak
rCorr    +         Rampage  .   (no gloves)
Will     ++++.                  (no boots)
Stlth    +.........             (no amulet)
HPRegen  1.54/turn              m - ring of protection from cold
MPRegen  0.12/turn              n - ring of willpower

@: resistant, regenerating, drained
A: fangs 3, regeneration 1, magic shield, antimagic bite, no potion heal 3
a: Renounce Religion, Berserk, Trog's Hand, Brothers in Arms


You were on level 8 of the Dungeon.
You worshipped Trog.
Trog was greatly pleased with you.
You visited 2 branches of the dungeon, and saw 9 of its levels.

You collected 296 gold pieces.

Inventory:

Hand Weapons
 a - a +0 hand axe
 h - a +1 dagger of electrocution
 t - a +0 war axe (weapon)
Missiles
 s - 2 silver javelins
Armour
 f - a +0 helmet (worn)
 u - +0 acid dragon scales (worn)
 A - a +1 cloak (worn)
Jewellery
 j - an uncursed ring of fire
 m - a ring of protection from cold (left hand)
 n - a ring of willpower (right hand)
Wands
 i - a wand of acid (6)
 w - a wand of iceblast (9)
Scrolls
 c - a scroll of immolation {unknown}
 e - a scroll of amnesia {unknown}
 g - 2 scrolls of fear {unknown}
 k - a scroll of blinking {unknown}
 l - 2 scrolls of enchant weapon {unknown}
 p - a scroll of random uselessness {unknown}
 v - a scroll of magic mapping {unknown}
 y - 2 scrolls of teleportation
 z - a scroll of remove curse {unknown}
Potions
 b - a potion of curing
 d - 2 potions of brilliance
 o - a potion of berserk rage
 q - a potion of might {unknown}
 x - a potion of mutation {unknown}


   Skills:
 - Level 2.6 Fighting
 + Level 12.6 Axes
 - Level 1.5 Armour
 - Level 1.5 Dodging


You had 9 spell levels left.
You didn't know any spells.
Your spell library was empty.

Dungeon Overview and Level Annotations

Branches:
Dungeon (8/15)             Temple (1/1) D:7
   Lair: D:8-11

Altars:
Ashenzari
Cheibriados
Dithmenos
Elyvilon
Fedhas
Gozag
Hepliaklqana
Kikubaaqudgha
Makhleb
Nemelex Xobeh
Okawaru
Qazlal
Ru
Sif Muna
Trog
Uskayaw
Vehumet
Wu Jian
Yredelemnul
Zin
The Shining One


Innate Abilities, Weirdness & Mutations

You have razor-sharp teeth.
Your natural rate of healing is unusually fast.
When hurt, damage is shared between your health and your magic reserves.
Your bite disrupts and absorbs the magic of your enemies.
Potions cannot restore your health.


Message History

A centaur comes into view.
The electric eel shoots out a bolt of lightning at you!
The bolt of electricity hits you!
* * * LOW HITPOINT WARNING * * *
The electric eel shoots out a bolt of lightning at you!
The bolt of electricity hits you!
* * * LOW HITPOINT WARNING * * *
You hear a shout!
Unknown command.
Unknown command.
Okay, then.
You feel protected.
The electric eel shoots out a bolt of lightning at you!
The bolt of electricity hits you. You resist.
* * * LOW HITPOINT WARNING * * *
The electric eel shoots out a bolt of lightning at you!
The bolt of electricity hits the electric eel.
The electric eel completely resists.
The bolt of electricity hits you. You resist.
You die...

≈≈≈≈≈≈♣......
≈≈≈≈≈≈♣.....#
≈≈≈PP≈♣.....#
PP≈≈≈P♣.##..#
♣P≈P≈≈..)####
##♣P♣....## ♣......###
##########.#.......
♣.@........#.......
≈.≈≈≈;.########...####..
≈.≈≈≈≈. #...## ##
≈.P≈;♣. #...# ≈.≈≈≈♣.
##### ≈.;c .. P.≈ .# ≈.≈
#


You could see a centaur and 3 electric eels.

Vanquished Creatures
  Maurice (D:8)
  Maggie (D:7)
  An orc warrior (D:7)
  A black bear (D:6)
  A hornet zombie (D:6)
  A necrophage (D:6)
  7 ogres
  2 phantoms
  3 centaurs
  2 bullfrogs
  A water moccasin skeleton (D:8)
  4 scorpions
  5 wights
  3 killer bees (D:8)
  A howler monkey (D:8)
  An orc wizard (D:8)
  2 gnoll shamans
  4 hounds
  An iguana (D:8)
  4 worker ants
  A howler monkey zombie (D:7)
  Robin (D:2)
  2 howler monkey skeletons
  9 gnolls
  7 adders
  2 white imps
  An adder skeleton (D:6)
  A worm (D:6)
  3 leopard geckos
  14 orcs
  3 bats
  2 giant cockroaches
  12 goblins
  5 hobgoblins (D:2)
  14 jackals
  2 quokkas
  2 frilled lizards
  2 kobolds
  2 leopard gecko skeletons
  A quokka skeleton (D:4)
  7 rats
139 creatures vanquished.

Vanquished Creatures (others)
  A plant (D:8)
1 creature vanquished.

Grand Total: 140 creatures vanquished

Notes
Turn   | Place    | Note
-------+----------+-------------------------------------------
     0 | D:1      | ythm the Vine Stalker Berserker began the quest for the
                  | Orb.
     0 | D:1      | Reached XP level 1. HP: 11/11 MP: 2/2
   127 | D:1      | Reached skill level 3 in Axes
   156 | D:2      | Reached XP level 2. HP: 14/16 MP: 3/3
   241 | D:2      | Noticed Robin
   258 | D:2      | Reached XP level 3. HP: 14/19 MP: 1/4
   265 | D:2      | Reached ** piety under Trog
   267 | D:2      | Killed Robin
   268 | D:2      | Reached skill level 4 in Axes
   666 | D:3      | Gained mutation: Your natural rate of healing is unusually
                  | fast. [Vine Stalker growth]
   666 | D:3      | Reached XP level 4. HP: 19/23 MP: 5/5
  1162 | D:4      | Reached skill level 5 in Axes
  1162 | D:4      | Reached XP level 5. HP: 23/27 MP: 3/6
  1219 | D:4      | Noticed an ogre
  1226 | D:4      | Killed an ogre
  1227 | D:4      | Reached skill level 6 in Axes
  1227 | D:4      | Reached XP level 6. HP: 32/32 MP: 5/7
  1279 | D:5      | Entered Level 5 of the Dungeon
  1349 | D:5      | Noticed a phantom
  1373 | D:5      | Killed a phantom
  1416 | D:4      | You fall into a shaft and drop 1 floor!
  1448 | D:5      | Reached *** piety under Trog
  1449 | D:5      | Reached skill level 7 in Axes
  1449 | D:5      | Reached XP level 7. HP: 35/35 MP: 8/8
  1570 | D:5      | Reached skill level 8 in Axes
  1632 | D:6      | Gained mutation: You have razor-sharp teeth. [Vine Stalker
                  | growth]
  1632 | D:6      | Reached XP level 8. HP: 5/39 MP: 1/9
  1696 | D:6      | Reached skill level 9 in Axes
  1825 | D:6      | Reached skill level 10 in Axes
  2060 | D:7      | Reached **** piety under Trog
  2061 | D:7      | Reached XP level 9. HP: 35/43 MP: 8/10
  2139 | D:7      | Noticed Maggie
  2159 | D:7      | Killed Maggie
  2160 | D:7      | Reached skill level 11 in Axes
  2685 | D:8      | Noticed Maurice
  2758 | D:8      | Killed Maurice
  2759 | D:8      | Reached skill level 12 in Axes
  2817 | D:8      | Identified the +4 robe "Wupops" {rPois rCorr Str-3 Dex+5}
  2915 | D:7      | Found a staircase to the Ecumenical Temple.
  2933 | Temple   | Entered the Ecumenical Temple
  3075 | D:8      | Reached XP level 10. HP: 24/44 MP: 7/11
  3122 | D:8      | HP: 2/44 [electric eel/bolt of electricity (10)]
  3123 | D:8      | Killed from afar by an electric eel

Illustrated notes

Levels and vault maps discovered:
D:1:      dpeg_arrival_round_c, layout_loops_corners,
          chequers_serial_rivers_small_a
D:2:      layout_basic, lemuel_crystal_altar, serial_forest,
          infiniplex_forest_lined_4_way, infiniplex_forest_clump_C,
          infiniplex_forest_clump_tiny, infiniplex_forest_straight_1,
          infiniplex_forest_straight_3, infiniplex_forest_end_2,
          infiniplex_forest_zigzag_1, infiniplex_forest_straight_4,
          infiniplex_forest_clump_diagonal, infiniplex_forest_lined_room_,
          chequers_ecumenical_altar_grove, minivault_4, uniq_robin
D:3:      layout_loops_cross, serial_rivers, chequers_serial_rivers_large_b,
          chequers_serial_rivers_small_3, chequers_serial_rivers_micro_c,
          chequers_serial_rivers_micro_e, chequers_serial_rivers_room_a
D:4:      minmay_thinvault, layout_gridville, amethyst_killhole
D:5:      layout_loops_corners, fedhas_bush_and_centaur_altar
D:6:      layout_rooms
D:7:      layout_gridville, temple_hall, st_stairs_2,
          minmay_misc_feat_diagonals, minmay_lizard_king,
          uniq_crazy_yiuf_cottage, uniq_joseph, uniq_maggie
D:8:      gammafunk_sealed_arena, layout_cave_pools, serial_bayou_lagoon_b,
          uniq_maurice
Temple:   kilobyte_greek_temple

Skill      XL: |  1  2  3  4  5  6  7  8  9 |
---------------+----------------------------+-----
Axes           | 3 4 5 6 7 8 10 12 | 12.6
Fighting       | |  2.6
Armour         | |  1.5
Dodging        | |  1.5

Action                   |  1- 3 |  4- 6 |  7- 9 | 10-12 || total
-------------------------+-------+-------+-------+-------++-------
Melee: Hand axe          |    66 |   100 |   151 |       ||   317
       Bite              |    12 |    35 |    98 |     3 ||   148
       War axe           |       |       |   112 |     6 ||   118
Invok: Berserk           |     2 |     3 |    10 |       ||    15
       Trog's Hand       |       |       |       |     1 ||     1
  Use: Scroll            |       |     1 |     4 |       ||     5
       Potion            |       |       |       |     1 ||     1
Armor: Scale mail        |    21 |       |       |       ||    21
       Animal skin       |     1 |       |       |       ||     1
       Chain mail        |    22 |    52 |    86 |       ||   160
       Acid dragon scale |       |       |    40 |       ||    40
Dodge: Dodged            |    29 |    30 |   127 |     3 ||   189
